 Dungeon Crawl Stone Soup version 0.23-a0-8-gb809bb7 (webtiles) character file.

189 prawnwizard the Ducker (level 5, 0/41 HPs)
             Began as a Demonspawn Gladiator on Aug 1, 2018.
             Slain by an orc wizard
             ... wielding a +0 dagger
              (4 damage)
             ... on level 4 of the Dungeon.
             The game lasted 00:04:24 (3353 turns).

prawnwizard the Ducker (Demonspawn Gladiator)       Turns: 3353, Time: 00:04:25

Health: 0/41       AC:  4    Str: 15    XL:     5   Next: 40%
Magic:  5/5        EV: 13    Int:  9    God:
Gold:   148        SH:  0    Dex: 15    Spells: 4/4 levels left

rFire    . . .     SeeInvis .     - Unarmed
rCold    . . .     Gourm    .   (no shield)
rNeg     . . .     Faith    .   b - +0 leather armour
rPois    .         Spirit   .   c - +0 helmet
rElec    .         Reflect  +   (no cloak)
rCorr    .         Harm     .   (no gloves)
MR       .....                  (no boots)
Stlth    ++........             m - +5 amulet of reflection
HPRegen  0.13/turn              l - ring of stealth
MPRegen  0.09/turn              (no ring)

@: confused
A: claws 1
a: no special abilities


You were on level 4 of the Dungeon.
You were not hungry.

You visited 1 branch of the dungeon, and saw 4 of its levels.

You collected 148 gold pieces.

Inventory:

Missiles
 d - 3 throwing nets (quivered)
Armour
 b - a +0 leather armour (worn)
 c - a +0 helmet (worn)
 h - a +0 chain mail
Jewellery
 e - an uncursed ring of wizardry {unknown}
 g - a +3 amulet of reflection
 l - a ring of stealth (left claw)
 m - a +5 amulet of reflection (around neck)
 p - an uncursed ring of flight {unknown}
Wands
 t - a wand of digging (8)
Scrolls
 i - a scroll of enchant weapon {unknown}
 n - 2 scrolls of identify {unknown}
 o - a scroll of remove curse {unknown}
 q - a scroll of teleportation {unknown}
 s - a scroll of amnesia {unknown}
Potions
 a - a potion of brilliance
 j - a potion of lignification
 k - 3 potions of heal wounds {unknown}
 r - a potion of mutation {unknown}
Comestibles
 f - 10 rations


   Skills:
 + Level 3.2 Fighting
   Level 3.0 Long Blades
 - Level 1.7 Throwing
 + Level 3.6 Dodging
 * Level 3.0 Unarmed Combat


You had 4 spell levels left.
You didn't know any spells.
Your spell library was empty.

Dungeon Overview and Level Annotations

Branches:
Dungeon (4/15)
 Temple: D:4-7

Altars:
Hepliaklqana
The Shining One

Annotations:
D:2 Sigmund


Innate Abilities, Weirdness & Mutations

You have sharp fingernails.


Message History

You block the orc priest's attack.
You closely miss the orc priest.
The orc priest is heavily wounded.
You scratch something. You scratch something but do no damage.
Something hits you but does no damage.
The orc priest mumbles some strange prayers to Beogh against you.
Beogh smites you!
* * * LOW HITPOINT WARNING * * *
You miss something. Something hits you.
* * * LOW HITPOINT WARNING * * *
You scratch something but do no damage. You claw something.
Something hits you but does no damage.
You barely miss something.
You hear some strange, mumbled words.
You are confused.
You scratch something but do no damage. Something completely misses you.
You're too confused to move!
Something hits you but does no damage.
You closely miss something. Something hits you but does no damage.
You bump into the rock wall.
Something hits you.
You die...

#.. #..# #..# ####
#..# [..# #..# ...#
#..# ...##..
#..###.......
#...@)o.# #.#
##.####.# #.#
#####.####.# #.#
#..........# #.#
#..........# #.# #
#.)........###.##.###
#............|......#
#.......^.####.##.#..
#...............#
#.>...


You could see an orc priest.

Vanquished Creatures
  An orc wizard (D:3)
  7 adders (D:2)
  2 worms (D:3)
  3 dart slugs
  A leopard gecko (D:1)
  12 orcs
  2 giant cockroaches
  2 goblins
  7 hobgoblins
  8 jackals
  A ball python (D:1)
  8 bats
  8 frilled lizards
  8 kobolds
  7 rats
77 creatures vanquished.

Notes
Turn   | Place    | Note
-------+----------+-------------------------------------------
     0 | D:1      | prawnwizard the Demonspawn Gladiator began the quest for the Orb.
     0 | D:1      | Reached XP level 1. HP: 16/16 MP: 1/1
   140 | D:1      | Gained mutation: You have sharp fingernails. [demonic ancestry]
   140 | D:1      | Reached XP level 2. HP: 18/22 MP: 2/2
   864 | D:1      | Reached skill level 1 in Unarmed Combat
   916 | D:1      | Reached XP level 3. HP: 18/28 MP: 3/3
  1033 | D:2      | Noticed Sigmund
  1215 | D:2      | Found a glowing golden altar of the Shining One.
  1328 | D:2      | Reached XP level 4. HP: 5/34 MP: 4/4
  1656 | D:2      | Found a hazy altar of Hepliaklqana.
  2713 | D:3      | Reached XP level 5. HP: 41/41 MP: 5/5
  3353 | D:4      | Slain by an orc wizard

Vault maps used:
D:1:      lightli_arrival_noodles, hangedman_decor_slide_cut
D:2:      old_standard_altar, nicolae_tso_carved_into_rock, uniq_sigmund
D:3:      first_ration, kennysheep_generic_room_5
D:4:      serial_shops, shop

Skill      XL: |  1  2  3  4  5 |
---------------+----------------+-----
Long Blades    | 3 |  3.0
Dodging        | 3 |  3.6
Unarmed Combat | 1 2 3 |  3.0
Fighting       | 3 |  3.2
Throwing       | |  1.7

Action                   |  1- 3 |  4- 6 || total
-------------------------+-------+-------++-------
Melee: Long sword        |    12 |       ||    12
       Unarmed           |   174 |   199 ||   373
       Punch             |       |     3 ||     3
  Use: Potion            |       |     4 ||     4
 Stab: Sleeping          |       |     5 ||     5
       Distracted        |       |     1 ||     1
  Eat: Chunk             |     1 |     7 ||     8
Armor: Leather armour    |    62 |    26 ||    88
       Skin              |       |     2 ||     2
Dodge: Dodged            |   145 |   114 ||   259
Block: Other             |    24 |    47 ||    71
       Rpst.: Long sword |     3 |       ||     3

Table legend:
 A = Spawn XP
 B = Non-spawn XP
 C = Spawn XP percentage of total XP
 D = Spawn monster count
 E = Non-spawn monster count
 F = Spawn count percentage of total count
 G = Total turns spent on level
                    A         B        C        D         E        F      G
               +---------+---------+-------+---------+---------+-------+---------
         Total |       0 |     271 |   0.0 |       0 |      77 |   0.0 |  3353
               +---------+---------+-------+---------+---------+-------+---------
           D:1 |       0 |      47 |   0.0 |       0 |      25 |   0.0 |  1091
           D:2 |       0 |     124 |   0.0 |       0 |      25 |   0.0 |  1257
           D:3 |       0 |      93 |   0.0 |       0 |      24 |   0.0 |   911
           D:4 |       0 |       7 |   0.0 |       0 |       3 |   0.0 |    94
               +---------+---------+-------+---------+---------+-------+---------
